[Event "*** Titled Tuesday Blitz"]
[Site "Chess.com"]
[Date "2020.04.28"]
[Round "2"]
[White "Batsai"]
[Black "Pomegranate988"]
[Result "0-1"]
[WhiteElo "2226"]
[BlackElo "2458"]
[TimeControl "180+1"]
[EndTime "10:18:18 PDT"]
[Termination "Pomegranate988 won on time"]

1. e4 c6 2. d4 d5 3. e5 Bf5 4. h4 h5 5. Ne2 e6 6. Ng3 Bg6 7.
c4 Be7 8. Nc3 Bxh4 9. Bd3 Bxg3 10. fxg3 Bxd3 11. Qxd3 Ne7 12. g4 h4 13. Bg5 Qb6 14. O-O-O Nd7 15. Rxh4 Rxh4 16. Bxh4 Ng6 17. Bg5 a6 18. Rf1 Ndf8 19. Qf3 Qc7 20. c5 Rb8 21.
Na4 Nh7 22. Bd2 Qe7 23. g3 Ng5 24. Bxg5 Qxg5+ 25. Kb1 Qe7 26. Nb6 Kf8 27. Rh1 Rd8 28. Rf1 Kg8 29. g5 Rf8 30. Qh5 Rd8 31. Rh1 Qc7 32.
Qh7+ Kf8 33. Rf1 Ke8 34. Qg8+ Nf8 35. Qxg7 Qe7 36. Rf6 Ng6 37. Qg8+ Qf8 38. Rxg6 fxg6 39. Qxe6+ Qe7 40. Qxg6+ Qf7 41. Qf6 Qxf6 42. gxf6 Kf7 43. g4 Rg8 44. g5 Rxg5 45. Nc8 Ke6 46. Nd6 Rg4 47. Nxb7 Rxd4 48. Nd8+ Kd7 49. Nf7 Re4 0-1

[Event "*** Titled Tuesday Blitz"]
[Site "Chess.com"]
[Date "2020.04.28"]
[Round "2"]
[White "Qvalda"]
[Black "CastleOasisChess"]
[Result "1-0"]
[WhiteElo "2406"]
[BlackElo "2118"]
[TimeControl "180+1"]
[EndTime "10:18:18 PDT"]
[Termination "Qvalda won on time"]

1. e4 e6 2. d4 d5 3. Bd3 c6 4. e5 c5 5. c3 Nc6 6. Nf3 Bd7 7. O-O cxd4 8. cxd4 Rc8 9. Nc3 a6 10.
a3 Nge7 11. Be3 Na5 12. Rc1 Nc4 13. Qe2 b5 14. h4 h6 15. h5 Nc6 16. Nh2 Be7 17.
f4 Nxe3 18. Qxe3 Nxd4 19. Kh1 Nb3 20. Qg3 O-O 21. Rce1 b4 22. axb4 Bh4 23. Qh3 Bxe1 24. Rxe1 Rxc3 25. bxc3 a5 26. bxa5 Qxa5 27. Rf1 Bb5 28.
Bxb5 Qxb5 29. f5 Nd2 30. Re1 Ne4 31. Qf3 exf5 32. Nf1 Re8 33. Ne3 Rxe5 34. Nxf5 Rxf5 35. Qe3 Ng3+ 36. Kh2 Nxh5 37. Qe7 Qc4 38. Qd8+ Kh7 39. Re8 Qf4+ 40. Kg1 1-0

[Event "*** Titled Tuesday Blitz"]
[Site "Chess.com"]
[Date "2020.04.28"]
[Round "2"]
[White "dvella"]
[Black "Coiote53"]
[Result "0-1"]
[WhiteElo "1805"]
[BlackElo "2353"]
[TimeControl "180+1"]
[EndTime "10:18:18 PDT"]
[Termination "Coiote53 won by resignation"]

1. e4 e5 2. Nf3 Nc6 3. Bb5 f5 4. Nc3 fxe4 5. Nxe4 d5 6. Nxe5 dxe4 7. Nxc6 Qg5 8. Qe2 Nf6 9. d4 Qxg2 10. Ne5+ c6 11. Rf1 cxb5 12. Qxb5+ Bd7 13. Qxb7 Rd8 14. Be3 Bd6 15.
O-O-O O-O 16. Qb3+ Kh8 17. Nf7+ Rxf7 18. Qxf7 Qf3 19.
Rg1 Rg8 20. Kb1 Bxh2 21. Rh1 Bf4 22. Bxf4 Qxf4 23. Rxh7+ Kxh7 24. Rh1+ Qh6 25. Rxh6+ Kxh6 26. Qe7 Re8 27. Qd6 Bg4 28. Qf4+ Kg6 29. b3 Bf3 30. Qc7 Ng4 31. d5 Nxf2 32. d6 Bg4 33. d7 Bxd7 34. Qxd7 Re5 35. Qd6+ Kf5 36. Qf8+ Kg4 37. Qxf2 e3 38.
Qe2+ Kf4 39. c4 g5 40. Kc2 g4 41. Kd3 g3 42. Qf1+ Kg4 43. Ke2 Rf5 44. Qxf5+ Kxf5 45. Kxe3 Kg4 46. Ke2 Kh3 47. c5 g2 48. c6 g1=Q 49.
c7 Qc5 0-1

[Event "*** Titled Tuesday Blitz"]
[Site "Chess.com"]
[Date "2020.04.28"]
[Round "2"]
[White "rpragchess"]
[Black "EvilMorty23"]
[Result "1-0"]
[WhiteElo "2812"]
[BlackElo "2533"]
[TimeControl "180+1"]
[EndTime "10:18:19 PDT"]
[Termination "rpragchess won on time"]

1. Nf3 Nf6 2. g3 b5 3. e3 a6 4. Bg2 Bb7 5. b3 e6 6. Bb2 Be7 7. O-O O-O 8. c4 c5 9. Qe2 b4 10. a3 d6 11. axb4 cxb4 12. d4 Qb6 13. Nbd2 Nbd7 14.
e4 Ne8 15. Rfd1 Nc7 16. c5 dxc5 17. Nc4 Qa7 18. d5 exd5 19. exd5 Bf6 20. d6 Nb5 21. Rd3 Rfe8 22. Qd2 Nc3 23. Re3 Bc6 24. Rae1 Rxe3 25.
Qxe3 h6 26. h4 Nf8 27. Qd3 Rd8 28. g4 Ne6 29. Bc1 Qa8 30. g5 hxg5 31. hxg5 Bd4 32.
Qf5 Be4 33. Qg4 Bd5 34. g6 Qb7 35. gxf7+ Qxf7 36. Nfe5 Bxe5 37. Nxe5 Qf6 38. Nc6 Bxg2 39. Rxe6 1-0

[Event "*** Titled Tuesday Blitz"]
[Site "Chess.com"]
[Date "2020.04.28"]
[Round "2"]
[White "Zufi1811"]
[Black "farzadbfd"]
[Result "1-0"]
[WhiteElo "2488"]
[BlackElo "2666"]
[TimeControl "180+1"]
[EndTime "10:18:19 PDT"]
[Termination "Zufi1811 won by checkmate"]

1. e4 e5 2. Nf3 Nc6 3. Bb5 a6 4. Ba4 Nf6 5. O-O b5 6. Bb3 Bc5 7. a4 Rb8 8. c3 d6 9. d4 Bb6 10.
axb5 axb5 11. Na3 exd4 12. cxd4 Bg4 13. Nxb5 O-O 14. Bc2 Bxf3 15. gxf3 Nh5 16. Be3 Qh4 17. Kh1 Ne7 18. Rg1 Ng6 19. Rg4 Qh3 20. Bd3 Nh4 21. Bf1 Qxf3+ 22. Qxf3 Nxf3 23. Be2 f5 24. exf5 Rxf5 25.
Nc3 Nf6 26. Bxf3 Rxf3 27. Rg3 Rxg3 28. hxg3 Re8 29. Kg2 Ng4 30. Nd5 Nf6 31. Nxf6+ gxf6 32. Kf3 Kf7 33. Rh1 Kg6 34. Rh6+ Kg7 35. Rh1 Ra8 36. Ke4 Ra2 37. Rb1 Kf7 38. Kd5 Ra5+ 39. Kc6 Ke6 40. b4 Ra6 41. d5+ Ke7 42. Bxb6 cxb6 43. b5 Ra2 44. Kxb6 Kd7 45. f4 Rh2 46. Rb3 Rd2 47.
Ra3 Rxd5 48. Ra7+ Ke6 49. Rxh7 Rd3 50. Kb7 Rxg3 51. b6 Rh3 52. Rxh3 Kf5 53. Rh1 Kxf4 54. Rd1 d5 55. Kc6 d4 56. b7 Ke3 57. b8=Q d3 58.
Qg3+ Ke2 59. Qxd3+ Kf2 60. Rf1+ Kg2 61. Qf3+ Kh2 62.
Rh1# 1-0

[Event "*** Titled Tuesday Blitz"]
[Site "Chess.com"]
[Date "2020.04.28"]
[Round "2"]
[White "GMHess"]
[Black "Borsuk_Konstantin"]
[Result "1-0"]
[WhiteElo "2892"]
[BlackElo "2566"]
[TimeControl "180+1"]
[EndTime "10:18:20 PDT"]
[Termination "GMHess won on time"]

1. b3 d5 2. Bb2 Nf6 3. h3 c5 4. d3 Nc6 5. Nd2 e5 6. e3 Bd6 7. g4 h6 8. Bg2 Be6 9. Ne2 g5 10. Ng3 h5 11. gxh5 Qd7 12. Nf3 Rg8 13. e4 d4 14. Bc1 Nh7 15. h4 f6 16. hxg5 fxg5 17. Bd2 O-O-O 18. Qe2 Kb8 19. O-O-O a5 20. Nf5 Bf8 21.
Rdg1 a4 22. Bh3 axb3 23. axb3 c4 24. dxc4 d3 25. Qxd3 Qc7 26. Qe3 Nb4 27. Bc3 Qa5 28. Bxe5+ Ka8 29. Bb2 Bc5 30. N3d4 Qa2 31. Rd1 g4 32. Bg2 Bxf5 33. exf5 Nf6 34. Qc3 Rd6 35. Nb5 Ra6 36. Nc7+ Ka7 37. Nxa6 Nxa6 38. Qxf6 Bxf2 39.
Bd4+ Bxd4 40. Qxd4+ Ka8 41. Qb2 Qa5 42. h6 Qc5 43. h7 Qe3+ 44. Kb1 1-0

[Event "*** Titled Tuesday Blitz"]
[Site "Chess.com"]
[Date "2020.04.28"]
[Round "2"]
[White "gross-aleks"]
[Black "Zkid"]
[Result "0-1"]
[WhiteElo "2522"]
[BlackElo "2797"]
[TimeControl "180+1"]
[EndTime "10:18:21 PDT"]
[Termination "Zkid won by resignation"]

1. c4 e5 2. g3 Nc6 3. Bg2 f5 4.
Nc3 g6 5. d3 Bg7 6. e4 Nge7 7.
Nge2 O-O 8. O-O d6 9. Nd5 Be6 10. Be3 Qd7 11. Qd2 Nd8 12. Bg5 Nec6 13. Rae1 Nf7 14. Nf6+ Bxf6 15. Bxf6 fxe4 16. Bxe4 Bh3 17. Bg2 Bxg2 18. Kxg2 Qf5 19. Bh4 g5 20. g4 Qxg4+ 21.
Bg3 e4 22. Nc3 Qf3+ 23. Kg1 Qxd3 24. Nxe4 Qxd2 25. Nxd2 Nfe5 26. b3 Rae8 27. Kg2 Nd3 28. Rxe8 Rxe8 29. Nf3 g4 30. Nh4 Re2 31. a3 Nd4 32.
Rd1 Ne1+ 33. Kf1 Nec2 34. b4 Re4 35. c5 d5 36. Bxc7 Nxa3 37. Be5 Nc6 38. Bc3 Nb5 39. Be1 d4 40. Nf5 Re5 41. Nh6+ Kf8 42. Nxg4 Rf5 43. h3 Rf3 44. Kg2 Rb3 45. Nf6 Nxb4 46. Nxh7+ Kg7 47. Ng5 Nd3 48. Ne6+ Kf6 49. Nd8 Nxc5 50. h4 Ke7 51. Rc1 Nd3 52. Rc8 Nxe1+ 53.
Kf1 Nf3 54. Nxb7 d3 55. Nc5 Rb1+ 56. Kg2 d2 0-1

[Event "*** Titled Tuesday Blitz"]
[Site "Chess.com"]
[Date "2020.04.28"]
[Round "2"]
[White "bazar-wokzal"]
[Black "dretch"]
[Result "0-1"]
[WhiteElo "2502"]
[BlackElo "2760"]
[TimeControl "180+1"]
[EndTime "10:18:21 PDT"]
[Termination "dretch won on time"]

1. e4 e6 2. d4 d5 3. exd5 exd5 4. Nf3 Bd6 5. c4 Nf6 6. c5 Be7 7. Bd3 b6 8. cxb6 axb6 9. O-O O-O 10. Re1 Nc6 11.
Nc3 Bg4 12. Nb5 Nb4 13. Bb1 Re8 14. Bf4 Bf8 15. Rxe8 Nxe8 16. h3 Bh5 17. a3 Qf6 18. Be5 Bxf3 19. Qxf3 Qxf3 20. gxf3 c6 21. Nc3 g6 22. Kf1 Bd6 23. f4 f6 24. Bxd6 Nxd6 25. Na2 Nxa2 26. Bxa2 Nf5 27. Rd1 Ra4 28. Rc1 Nxd4 29.
f5 Kf7 30. fxg6+ hxg6 31. Rc3 f5 32. h4 Kf6 33. Kg2 Ke5 34. Rg3 Ne6 35. Re3+ Kf6 36. Rc3 c5 37. Kf3 Rf4+ 38. Kg3 Rd4 39. Rb3 c4 40. Rxb6 Rd3+ 0-1

[Event "*** Titled Tuesday Blitz"]
[Site "Chess.com"]
[Date "2020.04.28"]
[Round "2"]
[White "AttilaTurzo"]
[Black "Baby_Legs"]
[Result "0-1"]
[WhiteElo "2485"]
[BlackElo "2722"]
[TimeControl "180+1"]
[EndTime "10:18:21 PDT"]
[Termination "Baby_Legs won on time"]

1. e4 c6 2. d4 d5 3. Nc3 g6 4.
Nf3 Bg7 5. h3 dxe4 6. Nxe4 Nf6 7. Bd3 O-O 8. O-O a5 9. Re1 Na6 10. c3 Nc7 11. Bg5 Ncd5 12. Qd2 Re8 13. Bh6 Bh8 14.
Rad1 Nc7 15. Neg5 Bg7 16. Bxg7 Kxg7 17. Ne5 Rf8 18. Qf4 Ncd5 19. Qh4 Qc7 20. c4 Nb4 21. Bb1 b6 22. a3 Na6 23. Re3 Bd7 24. Rg3 Be8 25. Ng4 h5 26. Nxf6 exf6 27. Ne4 f5 28. Qf6+ Kg8 29. Qxf5 Qxg3 30. Nf6+ Kg7 31. Nxh5+ Kh6 32.
Qf6 Qc7 33. Qg7+ Kxh5 34. g4+ Kg5 35. Qxf8 Qf4 36. Re1 Rd8 37. Qe7+ Kh6 38. Qxd8 Nc7 0-1

[Event "*** Titled Tuesday Blitz"]
[Site "Chess.com"]
[Date "2020.04.28"]
[Round "2"]
[White "colegiodemadrid"]
[Black "starworld123"]
[Result "0-1"]
[WhiteElo "2287"]
[BlackElo "2635"]
[TimeControl "180+1"]
[EndTime "10:18:21 PDT"]
[Termination "starworld123 won by resignation"]

1. e4 c5 2. Nf3 d6 3. d4 cxd4 4. Nxd4 Nf6 5. Nc3 a6 6. Bg5 e6 7. f4 h6 8. Bh4 Qb6 9. a3 Be7 10.
Bf2 Qc7 11. Qf3 b5 12. O-O-O Bb7 13. g4 d5 14. e5 Ne4 15. Nxe4 dxe4 16. Qe3 Nc6 17.
Nxc6 Qxc6 18. Bg2 Rc8 19. Rd2 O-O 20. Re2 Qc4 21. Kb1 Bc5 22. Qd2 Rfd8 23. Qe1 e3 24. Bxe3 Bxg2 25. Rxg2 Qe4 26. Re2 Bxe3 27. Rxe3 Qxc2+ 28. Ka1 Rd2 29. Qb1 Qa4 30. b4 Rcc2 31. Qb3 Qxb3 32.
Rxb3 Rf2 33. g5 h5 34. g6 fxg6 35. Rg3 Rg2 36. Rxg2 Rxg2 37. h3 Rf2 38. Rd1 Rxf4 39. Rd6 Rf3 40. Kb2 Rxh3 41. Rxe6 Rg3 42. Rxa6 h4 43.
a4 h3 44. axb5 h2 45. Ra8+ Kh7 0-1

[Event "*** Titled Tuesday Blitz"]
[Site "Chess.com"]
[Date "2020.04.28"]
[Round "2"]
[White "827883"]
[Black "Supernotar"]
[Result "1-0"]
[WhiteElo "2178"]
[BlackElo "2596"]
[TimeControl "180+1"]
[EndTime "10:18:21 PDT"]
[Termination "827883 won on time"]

1. e4 c6 2. c4 d5 3. cxd5 cxd5 4.
exd5 Nf6 5. Qa4+ Nbd7 6. Nc3 g6 7. Bc4 Bg7 8. d3 O-O 9. Nf3 a6 10. Qa3 Ne8 11. Bf4 Nb6 12. Qb3 Nd6 13. O-O Nf5 14. a4 Nd7 15. Rfe1 Nf6 16. Qa3 Re8 17. Ne5 Nd6 18. Rad1 Bf5 19. h3 Rc8 20. g4 Bd7 21.
Ba2 h5 22. g5 Nh7 23. h4 Nf8 24. Ne4 Bf5 25. Nxd6 exd6 26. Nc4 Rxe1+ 27. Rxe1 Bh3 28. Qxd6 Nd7 29. Qe7 Nc5 30. Nd6 Nxd3 31. Nxc8 Qxc8 32. Qe8+ Qxe8 33. Rxe8+ Kh7 34. Bg3 Bxb2 35. d6 Kg7 36. Re7 Ba3 37. Rxf7+ Kg8 38. d7 Bf8 39. Rxf8+ Kxf8 40. d8=Q+ Kg7 41. Qxd3 1-0

[Event "*** Titled Tuesday Blitz"]
[Site "Chess.com"]
[Date "2020.04.28"]
[Round "2"]
[White "MilanJeremic"]
[Black "vaishali2001"]
[Result "0-1"]
[WhiteElo "2240"]
[BlackElo "2467"]
[TimeControl "180+1"]
[EndTime "10:18:21 PDT"]
[Termination "vaishali2001 won by resignation"]

1. d4 Nf6 2. Nf3 g6 3. g3 Bg7 4. Bg2 O-O 5. O-O d5 6. b3 c5 7. e3 Nc6 8. Bb2 cxd4 9. Nxd4 Nxd4 10. exd4 Bg4 11. Bf3 Bxf3 12. Qxf3 Rc8 13. c3 Ne4 14. Qe3 Nd6 15. Re1 Qb6 16. Nd2 e6 17. Ba3 Nf5 18. Qd3 Rfe8 19. Bc5 Qc6 20. Rac1 e5 21. Ba3 e4 22. Qe2 h5 23. Nf1 b6 24. Ne3 Qe6 25. Nxf5 Qxf5 26. Bd6 Re6 27. Bf4 Rec6 28. Bd2 Qg4 29.
Qxg4 hxg4 30. Kg2 f5 31. h3 gxh3+ 32. Kxh3 Kf7 33. Kg2 Bf8 34. Rh1 Bg7 35. Rh7 Rh8 36.
Rxh8 Bxh8 37. Rh1 Bg7 38. Rh7 Kg8 39. Rh1 a5 40. Rb1 b5 41. a4 bxa4 42. bxa4 Rc4 43. Rb5 Rxa4 44. Rxd5 Ra2 45. Be1 a4 46. Ra5 a3 47. d5 Re2 48. Kf1 Rxe1+ 49. Kxe1 Bxc3+ 50. Kd1 Bxa5 51. Kc2 Kf8 52. Kb3 Ke7 53. Kxa3 Kd6 54. Ka4 Bb6 55. Kb4 Bxf2 0-1

[Event "*** Titled Tuesday Blitz"]
[Site "Chess.com"]
[Date "2020.04.28"]
[Round "2"]
[White "LiamPutnam2008"]
[Black "Fandorine"]
[Result "0-1"]
[WhiteElo "2567"]
[BlackElo "2892"]
[TimeControl "180+1"]
[EndTime "10:18:22 PDT"]
[Termination "Fandorine won on time"]

1. d4 Nf6 2. Bf4 d6 3. e3 g6 4. Nf3 Bg7 5. Be2 O-O 6. h3 c5 7. O-O b6 8. c4 Bb7 9. Nc3 Ne4 10. Nd2 Nxc3 11. bxc3 Nd7 12. a4 Nf6 13. a5 Qc7 14.
Qb3 Ne4 15. Nxe4 Bxe4 16. f3 Bf5 17. e4 Bd7 18. Be3 Rab8 19. Qa3 h5 20. Rfb1 Be6 21.
axb6 axb6 22. d5 Bd7 23. Rb3 Rb7 24. g4 hxg4 25. hxg4 e6 26. Kf2 exd5 27. cxd5 b5 28. Rh1 Rfb8 29. Qc1 b4 30. c4 Qd8 31. Bg5 Qf8 32.
Qg1 Bd4+ 33. Be3 Qg7 34. Qh2 Ra7 35. Qxd6 Rba8 36. Bxd4 Qxd4+ 37. Kg2 Ra2 38. Re1 Ba4 39. Rbb1 Bc2 40. Rbc1 Bd3 41. Kf1 Qe3 42. Qc6 Bxe2+ 43. Kg2 Bxf3+ 0-1

[Event "*** Titled Tuesday Blitz"]
[Site "Chess.com"]
[Date "2020.04.28"]
[Round "2"]
[White "Aleksandar-Topalov"]
[Black "Ghost_Pepper"]
[Result "1/2-1/2"]
[WhiteElo "2495"]
[BlackElo "2274"]
[TimeControl "180+1"]
[EndTime "10:18:22 PDT"]
[Termination "Game drawn by repetition"]

1. b3 d5 2. Bb2 c5 3. e3 Nf6 4.
Nf3 e6 5. d4 Nc6 6. Nbd2 b6 7.
Bd3 Bd6 8. a3 O-O 9. Ne5 Bb7 10.
O-O Nd7 11. Qh5 g6 12. Nxc6 Bxc6 13. Qh6 cxd4 14. exd4 Qc7 15. g3 e5 16. dxe5 Bxe5 17. Bxe5 Nxe5 18. Qf4 Qb8 19. Qd4 Re8 20. Rfe1 Qc7 21.
f4 Ng4 22. h3 Nh6 23. Kf2 f5 24. Rxe8+ Rxe8 25. Nf3 Nf7 26. Ne5 Nxe5 27. fxe5 Qxe5 28. Qxe5 Rxe5 29. b4 Kf7 30. c3 Kf6 31. Rd1 g5 32.
Be2 Bd7 33. Rd4 Be6 34. Bd3 h6 35. h4 Bf7 36. a4 Re7 37. Be2 Rc7 38. Rd3 Be6 39.
Rf3 Bd7 40. Ke1 Bxa4 41. Kd2 Bd7 42. Bd3 Be6 43. Rf2 Ke5 44. hxg5 hxg5 45. Rh2 a5 46. bxa5 bxa5 47. Rh5 a4 48. Rxg5 a3 49. Rh5 Rb7 50. Rh1 Rb2+ 51. Ke3 Rb3 52. Kd2 Rb2+ 53. Ke3 Rg2 54.
Kf3 Rb2 55. Ke3 1/2-1/2

[Event "*** Titled Tuesday Blitz"]
[Site "Chess.com"]
[Date "2020.04.28"]
[Round "2"]
[White "EfM13"]
[Black "AnkitGajwa"]
[Result "0-1"]
[WhiteElo "2242"]
[BlackElo "2469"]
[TimeControl "180+1"]
[EndTime "10:18:23 PDT"]
[Termination "AnkitGajwa won by checkmate"]

1. e4 c5 2. c3 Nf6 3. e5 Nd5 4. d4 d6 5. Nf3 Nc6 6. Bc4 Nb6 7.
Bb5 cxd4 8. cxd4 a6 9. Be2 e6 10. O-O Be7 11. Nc3 O-O 12. Bd3 dxe5 13. dxe5 Nb4 14. Be4 Qc7 15. Qe2 Bd7 16. Bf4 Rac8 17. Rfc1 Qb8 18. Nd2 Rfd8 19. Qh5 g6 20. Qf3 Be8 21.
Bxb7 Rd3 22. Be3 Rcd8 23. Nde4 Nc4 24. Nf6+ Kg7 25. Nxe8+ Rxe8 26. Qe4 Nxe3 27. fxe3 Rd7 28. Bc6 Nxc6 29. Qxc6 Red8 30. Rc2 Qxe5 31. Qe4 Qxe4 32. Nxe4 f5 33. Nf2 Bg5 34. Re1 Rd2 35. Rc7+ Kh6 36.
Rb7 Bf6 37. Rb6 Rxb2 38. Rxe6 Bh4 39. g3 Bg5 40. Nh3 Rdd2 41. Nxg5 Kxg5 42. e4 Rg2+ 43. Kf1 Rbf2# 0-1

[Event "*** Titled Tuesday Blitz"]
[Site "Chess.com"]
[Date "2020.04.28"]
[Round "2"]
[White "ALEXJR20"]
[Black "White_Ghost"]
[Result "0-1"]
[WhiteElo "2211"]
[BlackElo "2451"]
[TimeControl "180+1"]
[EndTime "10:18:23 PDT"]
[Termination "White_Ghost won on time"]

1. d4 d5 2. c4 c6 3. Nf3 Nf6 4. g3 Bg4 5. Bg2 Nbd7 6. O-O e6 7. Nc3 Be7 8. Bf4 O-O 9. Re1 dxc4 10. a4 Nd5 11. e4 Nxf4 12. gxf4 Qa5 13. h3 Bh5 14. Qe2 Nb6 15. Qe3 Rad8 16. Kh1 Bf6 17. Ne5 Nd7 18. Nxc4 Qb4 19. Ne5 Nb6 20. a5 Bxe5 21. dxe5 Nc4 22. Qg3 Qxb2 23. Rg1 Qc2 24. Rac1 Qd3 25. f3 Bg6 26. h4 h5 27. Qg5 Ne3 28. Kh2 Nxg2 29. Rxg2 Qxf3 30. Na4 Rd3 31. Nc5 Qh3+ 32. Kg1 Qe3+ 33.
Kh2 Qxc1 34. Nxe6 Qe3 35. f5 Qh3+ 36. Kg1 Rd1+ 37. Kf2 Qd3 38. fxg6 fxe6+ 0-1

[Event "*** Titled Tuesday Blitz"]
[Site "Chess.com"]
[Date "2020.04.28"]
[Round "2"]
[White "HanSchut"]
[Black "Barys1974"]
[Result "0-1"]
[WhiteElo "2243"]
[BlackElo "2629"]
[TimeControl "180+1"]
[EndTime "10:18:24 PDT"]
[Termination "Barys1974 won on time"]

1. e4 c5 2. Nf3 d6 3. d4 cxd4 4. Nxd4 Nf6 5. f3 e5 6. Bb5+ Nbd7 7. Nf5 a6 8. Bxd7+ Qxd7 9. c4 b5 10. cxb5 axb5 11. Bg5 d5 12. Bxf6 gxf6 13. Nc3 Bb7 14.
Nxd5 Bxd5 15. Qxd5 Bb4+ 16. Ke2 Qxd5 17. exd5 Kd7 18. a3 Bc5 19. Rac1 Rhc8 20. Rc2 Bb6 21.
Rhc1 Rxc2+ 22. Rxc2 b4 23. Rc6 bxa3 24. bxa3 Bd8 25.
Rc3 Ra5 26. Rd3 Bb6 27. g4 Bc5 28. Nh6 Ke7 29. Nf5+ Kd7 30. Nh6 Bxa3 31. Nxf7 Bf8 32. g5 Ke7 33. Nh6 Bxh6 34. gxh6 Kd6 35. f4 Rxd5 36.
Rg3 exf4 37. Rg7 Rh5 38. Rxh7 Ke5 39. Re7+ Kf5 40. h7 Rxh2+ 41. Kf3 Rh3+ 42. Kg2 Rh4 43. Kf3 Rh2 44. Ra7 Kg5 45. Rg7+ Kf5 46. Ra7 Rh3+ 47. Kg2 Rh4 48. Kf3 Kg6 49. Ra4 Rh3+ 50. Kf2 Kxh7 51. Rxf4 Kg6 52. Rg4+ Kf5 53. Rg8 Kf4 54.
Rf8 f5 55. Re8 Rh2+ 56. Kg1 Ra2 57. Rc8 Ra3 58. Kf2 Ra2+ 0-1

[Event "*** Titled Tuesday Blitz"]
[Site "Chess.com"]
[Date "2020.04.28"]
[Round "2"]
[White "1f3_2g41-0"]
[Black "Volovier"]
[Result "0-1"]
[WhiteElo "2203"]
[BlackElo "2621"]
[TimeControl "180+1"]
[EndTime "10:18:24 PDT"]
[Termination "Volovier won by checkmate"]

1. e4 e5 2. Nf3 Nc6 3. Bb5 a6 4. Ba4 b5 5. Bb3 Nf6 6. O-O Be7 7. c3 O-O 8. Re1 Bb7 9. d4 d6 10. Bg5 exd4 11. cxd4 h6 12. Bh4 Nd7 13. Bg3 a5 14. a4 Nb4 15. axb5 Nf6 16. Nc3 Nh5 17. Qd2 Nxg3 18. hxg3 c5 19. bxc6 Bxc6 20. Ba4 Bxa4 21. Rxa4 Bf6 22. Rea1 Qb6 23. e5 dxe5 24. dxe5 Be7 25.
Qe2 Rfd8 26. Qb5 Qxb5 27. Nxb5 Nd3 28. Rxa5 Rxa5 29. Rxa5 Bc5 30. Nd6 Bxf2+ 31. Kf1 Bxg3 32. Nc4 Rc8 33. b3 h5 34. Ke2 Nc1+ 35. Ke3 Nxb3 36. Ra4 h4 37. Rb4 Nc1 38. Nd6 Rc2 39. Rb8+ Kh7 40.
Nxf7 Rxg2 41. e6 Re2+ 42. Kd4 Bxb8 43. N3g5+ Kg6 44. Kd5 Nb3 45. Kc6 Rxe6+ 46. Nxe6 Kxf7 47. Ng5+ Kf6 48. Nh3 g5 49. Kd5 g4 50. Ng1 Ba7 51. Ne2 g3 52. Ke4 Kg5 53. Kf3 Nd4+ 54. Nxd4 Bxd4 55. Kg2 Kg4 56. Kh1 Kf4 57. Kg2 h3+ 58. Kh1 g2+ 59. Kh2 g1=Q+ 60. Kxh3 Qg3# 0-1

[Event "*** Titled Tuesday Blitz"]
[Site "Chess.com"]
[Date "2020.04.28"]
[Round "2"]
[White "Shuvatkin_Vladimir"]
[Black "RATNAKARAN"]
[Result "1/2-1/2"]
[WhiteElo "2317"]
[BlackElo "2602"]
[TimeControl "180+1"]
[EndTime "10:18:24 PDT"]
[Termination "Game drawn by repetition"]

1. d4 Nf6 2. Nf3 g6 3. g3 Bg7 4. Bg2 O-O 5. O-O d6 6. c4 Nbd7 7. b3 e5 8. Bb2 e4 9. Ng5 Re8 10. e3 h6 11. Nh3 Nf8 12. Nf4 Bg4 13.
Qc2 g5 14. Ne2 Bf3 15. Nec3 Qd7 16. Nd2 g4 17. d5 N8h7 18. Rfe1 Ng5 19. Bf1 Qf5 20.
Nb5 Re7 21. Nd4 Qg6 22. N2xf3 Nxf3+ 23. Nxf3 gxf3 24. Red1 b6 25. b4 Rae8 26. Rac1 Qh5 27. Bxf6 Bxf6 28. c5 bxc5 29. bxc5 Re5 30. cxd6 cxd6 31.
Qc6 Rd8 32. Qb7 Kg7 33. Qxa7 Rxd5 34. Qc7 Rxd1 35. Rxd1 Qe5 36. a4 d5 37. Qxe5 Bxe5 38.
a5 Bb8 39. a6 Ba7 40. Rb1 Rb8 41. Rxb8 Bxb8 42. Bb5 Kf6 43. Bc6 Ke6 44. Bb7 Kd6 45. h4 f5 46. Bc8 Ke5 47. Bd7 Ba7 48. Kf1 d4 49. exd4+ Bxd4 50. Bc8 f4 51. gxf4+ Kxf4 52. Bd7 Ba7 53. Bc8 e3 54. fxe3+ Kxe3 55. Bd7 Kf4 56. Be8 Kg4 57. h5 Kg3 58. Bf7 Kf4 59. Be8 Kf5 60. Bf7 f2 61. Be8 Ke6 62. Bg6 Ke7 63. Kg2 Kd6 64. Kf1 Kc7 65. Bd3 Kc6 66. Be2 Kb6 67. Kg2 Kc7 68. Kf1 Kd6 69. Kg2 Ke5 70. Kf1 Kf4 71. Bb5 Ke3 72. Be8 Kd2 73.
Bf7 Bb6 74. Be8 Ba7 75. Bf7 Bb6 76. Be8 Ba7 1/2-1/2

[Event "*** Titled Tuesday Blitz"]
[Site "Chess.com"]
[Date "2020.04.28"]
[Round "2"]
[White "kasparicy"]
[Black "LizaSolovyova"]
[Result "0-1"]
[WhiteElo "2289"]
[BlackElo "2538"]
[TimeControl "180+1"]
[EndTime "10:18:24 PDT"]
[Termination "LizaSolovyova won on time"]

1. e4 e5 2. Nf3 d6 3. Bc4 h6 4. c3 Nf6 5. d3 c6 6. a4 a5 7. Bb3 Qc7 8. Nbd2 Bg4 9. h3 Bh5 10.
Nf1 g5 11. Ng3 Bg6 12. h4 g4 13. h5 Bh7 14. Nh4 Nbd7 15. Nhf5 d5 16. f3 O-O-O 17.
Qe2 Nc5 18. Bc2 Ne6 19. fxg4 Rg8 20. Bxh6 Rxg4 21. Bxf8 Rxf8 22. O-O-O Nf4 23. Qf3 Rfg8 24. Rhe1 Bxf5 25. Nxf5 Rxg2 26. Bb3 Rd8 27. exd5 cxd5 28. Kb1 Qb6 29. Bc2 Rf2 30. Qe3 Qxe3 31. Rxe3 Ng4 32. Rg3 Rg2 33. Rxg2 Nxg2 34. Rg1 N2e3 35. Nxe3 Nxe3 36.
Rg7 Rh8 37. Rxf7 Rxh5 38. Bb3 Rh1+ 39. Ka2 Rh2 40. Re7 Rh5 0-1

[Event "*** Titled Tuesday Blitz"]
[Site "Chess.com"]
[Date "2020.04.28"]
[Round "2"]
[White "VqquyenCFT"]
[Black "MFguimaraes"]
[Result "1-0"]
[WhiteElo "2200"]
[BlackElo "2414"]
[TimeControl "180+1"]
[EndTime "10:18:24 PDT"]
[Termination "VqquyenCFT won by resignation"]

1. e4 e5 2. Nf3 Nc6 3. d4 exd4 4. Nxd4 Bb4+ 5. c3 Bc5 6. Be3 Bb6 7. Nd2 Nf6 8. Bd3 d5 9. Nxc6 bxc6 10. Bxb6 axb6 11. Qe2 dxe4 12. Nxe4 O-O 13. O-O Be6 14. a3 Bd5 15. Ng3 Re8 16. Qc2 g6 17. Rad1 Qe7 18. c4 Be6 19. Rfe1 Rad8 20. Qc3 Nd7 21. Kh1 Qf6 22.
Qc1 Nc5 23. Be4 Rxd1 24. Rxd1 Qxf2 25. Bxc6 Bd7 26. Rf1 Qe3 27. Qxe3 Rxe3 28. Bd5 Be6 29. Kg1 Bxd5 30. cxd5 Rd3 31. b4 Nd7 32. Rc1 Nf6 33. Rxc7 Nxd5 34. Rd7 Nf4 35. Rxd3 Nxd3 36. Ne4 f5 37.
Nf6+ Kg7 38. Nd5 b5 39. Nc7 Kf6 40. Nxb5 Ke5 41. Kf1 Kd5 42. Nc7+ Kc4 43. Ne6 Nb2 44. Nf8 Kd5 45. Nxh7 Nc4 46. a4 Ne3+ 47. Kg1 Kc4 48. b5 Kc5 49. Nf8 g5 50. Ne6+ Kb4 51. Nxg5 Kxa4 52.
b6 1-0

[Event "*** Titled Tuesday Blitz"]
[Site "Chess.com"]
[Date "2020.04.28"]
[Round "2"]
[White "cottage_cheese"]
[Black "WinningButNotReally"]
[Result "0-1"]
[WhiteElo "2166"]
[BlackElo "2423"]
[TimeControl "180+1"]
[EndTime "10:18:24 PDT"]
[Termination "WinningButNotReally won by resignation"]

1. e4 c6 2. d4 d5 3. Nd2 dxe4 4.
Nxe4 Bf5 5. Ng3 Bg6 6. Nh3 e6 7. Nf4 Bd6 8. h4 Qc7 9. Nfh5 Bxh5 10. Nxh5 g6 11. Qg4 f5 12. Qf3 gxh5 13. Qxh5+ Qf7 14. Qf3 Nf6 15. Bc4 Nbd7 16. Bg5 O-O-O 17. Qxf5 exf5 18. Bxf7 Rdf8 19. Bc4 Re8+ 20. Kf1 Ne4 21. Bh6 f4 22. Rd1 Re7 23. Rh3 Rhe8 24. Kg1 Ndf6 25. Rf3 b5 26. Bd3 Nd5 27. c3 Re6 28. Bg5 Kd7 29. a4 a6 30.
axb5 axb5 31. c4 bxc4 32. Bxc4 h6 33. Bxd5 cxd5 34. Bxh6 Rxh6 35. Ra1 Rxh4 36. Ra7+ Ke6 37. Rb7 Rg4 38. b4 Reg8 39. Kf1 Nd2+ 40. Ke2 Nxf3 41. Kxf3 Rxg2 42. Rh7 R2g7 43. Rh6+ Rg6 44. Rh5 Rb8 45.
Rh7 Rxb4 46. Ra7 Rb3+ 47. Ke2 f3+ 48. Kd2 Bb4+ 49. Kc2 Rc3+ 50. Kb2 Rg2 0-1

[Event "*** Titled Tuesday Blitz"]
[Site "Chess.com"]
[Date "2020.04.28"]
[Round "2"]
[White "ParvizGasimov"]
[Black "WoolworthsManly"]
[Result "0-1"]
[WhiteElo "2356"]
[BlackElo "2657"]
[TimeControl "180+1"]
[EndTime "10:18:25 PDT"]
[Termination "WoolworthsManly won by resignation"]

1. e4 e5 2. Bc4 Nc6 3. Nf3 Bc5 4. d3 Nf6 5. c3 d6 6. O-O a6 7. a4 Ba7 8. Nbd2 O-O 9. Re1 Ng4 10. Re2 Kh8 11. h3 Nh6 12. Nf1 f5 13. exf5 Nxf5 14. Ne3 Nxe3 15. Bxe3 Bxh3 16. Ng5 Bg4 17. Nf7+ Rxf7 18.
Bxf7 Bxe3 19. fxe3 Qg5 20. Qd2 Bxe2 21. Qxe2 Rf8 22.
Rf1 Nd8 23. Bc4 Rxf1+ 24. Kxf1 c6 25. e4 h5 26. a5 g6 27. Kg1 Kg7 28. Qf2 Qc1+ 29. Kh2 Qf4+ 30. Kg1 Qxf2+ 31. Kxf2 Kf6 32. Kf3 Ne6 33. b4 Nf4 34. g3 Ne6 35. Bb3 Nc7 36. Ke3 Nb5 37. Kd2 Nc7 38. Ke3 Kg5 39. Bf7 Nb5 40.
c4 Nd4 41. Be8 Nc2+ 42. Kd2 Nxb4 43. Bd7 h4 44. gxh4+ Kxh4 45. Bc8 c5 46. Bxb7 Kg3 47. Kc3 g5 48. Kb3 Kf3 49. Bxa6 Nxa6 50. Ka4 g4 51.
Kb5 Nb4 52. a6 Nxa6 53. Kxa6 g3 54. Kb6 Ke3 55. Kc6 Kd4 56. Kd7 g2 57. Ke6 g1=Q 58.
Kf5 Qf1+ 0-1